 Dungeon Crawl Stone Soup version 0.25-a0-796-gd415a3ffb0 (webtiles) character file.

Game seed: 2877507892262232434, levelgen mode: deterministic

497 tilp the Bolt Thrower (level 7, -15/43 HPs)
             Began as a Kobold Arcane Marksman on Apr 18, 2020.
             Demolished by an ogre
             ... wielding a cursed -1 giant club
              (29 damage)
             ... on level 4 of the Dungeon.
             The game lasted 00:09:42 (4878 turns).

tilp the Bolt Thrower (Kobold Arcane Marksman)      Turns: 4878, Time: 00:09:43

Health: -15/43     AC:  3    Str:  8    XL:     7   Next: 38%
Magic:  10/10      EV: 14    Int: 16    God:
Gold:   95         SH:  0    Dex: 15    Spells: 6/9 levels left

rFire    . . .     SeeInvis .   b - +1 dagger (venom)
rCold    . . .     Gourm    .   (shield restricted)
rNeg     . . .     Faith    .   t - +0 leather armour
rPois    .         Spirit   .   (no helmet)
rElec    .         Reflect  .   (no cloak)
rCorr    .         Harm     .   (no gloves)
MR       .....                  (no boots)
Stlth    +.........             (no amulet)
HPRegen  0.14/turn              (no ring)
MPRegen  0.12/turn              (no ring)

@: no status effects
A: small, carnivore
a: no special abilities


You were on level 4 of the Dungeon.
You were completely stuffed.

You visited 1 branch of the dungeon, and saw 4 of its levels.

You collected 212 gold pieces.
You spent 117 gold pieces at shops.

Inventory:

Hand Weapons
 a - a +0 hand crossbow
 b - a +1 dagger of venom (weapon)
Missiles
 d - 44 bolts
 k - 11 poisoned darts (quivered)
Armour
 t - a +0 leather armour (worn)
Jewellery
 c - an uncursed ring of magical power {unknown}
Wands
 e - a wand of enslavement (8)
 m - a wand of clouds (5)
Scrolls
 g - 5 scrolls of identify
 h - a scroll of amnesia
 j - a scroll of blinking
 n - a scroll of enchant armour {unknown}
 o - a scroll of remove curse {unknown}
 r - a scroll of immolation {unknown}
Potions
 i - a potion of lignification
 l - a potion of brilliance
 p - a potion of might
 q - a potion of ambrosia
 s - a potion of heal wounds
Comestibles
 f - 7 rations
 u - 3 chunks of flesh


   Skills:
 - Level 4.0 Fighting
 - Level 6.0 Crossbows
 - Level 2.4 Dodging
 + Level 1.6 Spellcasting
 + Level 3.3 Hexes
 - Level 4.2 Evocations


You had 6 spell levels left.
You knew the following spells:

 Your Spells              Type           Power        Failure   Level  Hunger
a - Corona                Hex            ##.....      9%          1    ##.....
b - Slow                  Hex            ##......     12%         2    ###....

Your spell library contained the following spells:

 Spells                   Type           Power        Failure   Level  Hunger
 Magic Dart               Conj           #...         30%         1    ##.....
 Blink                    Tloc           N/A          43%         2    ###....
 Call Imp                 Summ           #.......     43%         2    ###....
 Inner Flame              Hex/Fire       #.......     43%         3    ####...
 Portal Projectile        Hex/Tloc       #.....       43%         3    ####...
 Cause Fear               Hex            ##........   63%         4    #####..
 Conjure Flame            Conj/Fire      #.......     67%         3    ####...
 Mephitic Cloud           Conj/Pois/Air  #.......     67%         3    ####...
 Leda's Liquefaction      Hex/Erth       #.........   85%         4    #####..


Dungeon Overview and Level Annotations

Branches:
Dungeon (4/15)
 Temple: D:4-7

Altars:
Okawaru
Qazlal
Ru

Shops:
D:4 !(:*!

Annotations:
D:4 Sigmund


Innate Abilities, Weirdness & Mutations

You are small and have problems with some larger weapons.
You are carnivorous and can eat meat at any time.


Message History

You hit the ogre.
The ogre is severely wounded.
The ogre barely misses you.
You hit the ogre.
The ogre is severely wounded.
The ogre closely misses you.
The ogre looks more healthy.
You barely miss the ogre.
The ogre is almost dead.
The ogre misses you.
Your leather armour prevents you from hitting the ogre.
The ogre is almost dead.
The ogre closely misses you.
You barely miss the ogre.
The ogre is almost dead.
You completely miss the ogre.
The ogre is almost dead.
The ogre hits you with a cursed -1 giant club!!
Ouch! That really hurt!
You die...

# #.######......# #
#.............. # ###############
# # ########### #########
############.........####.......#
.......................##.......#
.................................
....########....@....#..#...∩...#
##.##### #....O....##.#.......#
.).....# #.........##.........#
.......# #.........###........#
.......# #.........# #........#
.......# #.........# #.##...###
##.##### ######.########.##..)# #
....# ##...##..# #......)# #
....# #.....##.# #.......# #


You could see an ogre.

Vanquished Creatures
  Edmund (D:4)
  An ogre (D:3)
  A hound (D:4)
  A centaur skeleton (D:4)
  An orc priest (D:4)
  2 orc wizards
  Ijyb (D:4)
  A worker ant (D:4)
  5 adders
  A worm (D:4)
  3 dart slugs
  8 orcs
  9 bats
  A giant cockroach (D:1)
  6 goblins
  6 hobgoblins
  3 kobolds
  A quokka (D:2)
  2 frilled lizards
  4 rats
58 creatures vanquished.

Notes
Turn   | Place    | Note
-------+----------+-------------------------------------------
     0 | D:1      | tilp the Kobold Arcane Marksman began the quest for the
                  | Orb.
     0 | D:1      | Reached XP level 1. HP: 12/12 MP: 2/2
   180 | D:1      | Reached skill level 3 in Crossbows
   184 | D:1      | Reached XP level 2. HP: 16/16 MP: 3/3
   677 | D:2      | Learned a level 2 spell: Slow
   710 | D:2      | Reached skill level 4 in Crossbows
   710 | D:2      | Reached XP level 3. HP: 20/20 MP: 4/4
  1135 | D:2      | Noticed a hungry ghost
  1279 | D:2      | Found an iron altar of Okawaru.
  1289 | D:2      | Reached XP level 4. HP: 12/25 MP: 5/5
  1472 | D:2      | Reached skill level 5 in Crossbows
  2524 | D:3      | Reached XP level 5. HP: 8/29 MP: 6/6
  2532 | D:3      | Reached skill level 6 in Crossbows
  2868 | D:3      | Noticed an ogre
  2889 | D:3      | Killed an ogre
  2889 | D:3      | Reached XP level 6. HP: 22/37 MP: 7/7
  3359 | D:3      | Found a sacrificial altar of Ru.
  3600 | D:4      | Found Uliklil's Distillery.
  3605 | D:4      | Bought a potion of heal wounds for 65 gold pieces
  3605 | D:4      | Bought a potion of degeneration for 13 gold pieces
  3605 | D:4      | Bought a potion of curing for 39 gold pieces
  3636 | D:4      | Noticed Sigmund
  3652 | D:4      | Found Gouduol's Weapon Emporium.
  3998 | D:4      | Noticed Edmund
  4026 | D:4      | Killed Edmund
  4259 | D:4      | Found Xubup's Distillery.
  4368 | D:4      | Found Soowiogu's Assorted Antiques.
  4489 | D:4      | Reached XP level 7. HP: 41/43 MP: 9/9
  4684 | D:4      | Noticed Ijyb
  4704 | D:4      | Killed Ijyb
  4730 | D:4      | Found Tareschi's Book Boutique.
  4853 | D:4      | Found a stormy altar of Qazlal.
  4878 | D:4      | Demolished by an ogre

Levels and vault maps discovered:
D:1:      onia_arrival_mini_maze_b, layout_rooms, corexii_hall_statues_s,
          serial_bayou_pond_c
D:2:      layout_loops_ring, nicolae_overflow_hidden_temple
D:3:      layout_basic, nicolae_ru_path_of_blood
D:4:      layout_basic, lemuel_round_altar, serial_shops, shop_statue,
          nicolae_shop_crystal, shop, shop, nicolae_shop_waterfront,
          uniq_sigmund, uniq_ijyb, uniq_edmund

Skill      XL: |  1  2  3  4  5  6  7 |
---------------+----------------------+-----
Crossbows      | 3 4 5 6 |  6.0
Fighting       | 3 4 |  4.0
Evocations     | 3 4 |  4.2
Dodging        | |  2.4
Spellcasting   | |  1.6
Hexes          | |  3.3

Action                   |  1- 3 |  4- 6 |  7- 9 || total
-------------------------+-------+-------+-------++-------
Melee: Mace              |    27 |       |       ||    27
       Dagger            |       |    68 |     8 ||    76
 Fire: Hand crossbow     |    51 |    35 |    46 ||   132
Throw: Dart              |       |     2 |       ||     2
 Cast: Corona            |     1 |       |       ||     1
Evoke: Wand              |       |     1 |     1 ||     2
  Use: Potion            |       |     2 |     1 ||     3
       Scroll            |       |     5 |       ||     5
 Stab: Confused          |       |       |     1 ||     1
  Eat: Chunk             |    10 |     6 |     5 ||    21
Armor: Robe              |    10 |     6 |       ||    16
       Leather armour    |       |     1 |     2 ||     3
Dodge: Dodged            |    57 |    65 |     7 ||   129

Table legend:
 A = Non-vault XP
 B = Vault XP
 C = Vault XP percentage of total XP
 D = Non-vault monster count
 E = Vault monster count
 F = Vault count percentage of total count
                 A         B        C        D         E       F
            +---------+---------+-------+---------+---------+-------
      Total |     515 |     195 |  27.5 |      56 |       2 |   3.4
            +---------+---------+-------+---------+---------+-------
        D:1 |      27 |       0 |   0.0 |      15 |       0 |   0.0
        D:2 |      79 |       0 |   0.0 |      21 |       0 |   0.0
        D:3 |     196 |       0 |   0.0 |      11 |       0 |   0.0
        D:4 |     213 |     195 |  47.8 |       9 |       2 |  18.2
            +---------+---------+-------+---------+---------+-------
